 Dungeon Crawl Stone Soup version 0.30-a0-1050-g2766ea1e55 (webtiles) character file.

Game seed: 15011340020930242523

1129 Arcadio the Trooper (level 8, -2/69 HPs)
             Began as a Ghoul Necromancer on Apr 10, 2023.
             Was an Elder of Sif Muna.
             Slain by a wight
             ... wielding a +2 mace
              (5 damage)
             ... on level 6 of the Dungeon.
             The game lasted 00:22:07 (7120 turns).

Arcadio the Trooper (Ghoul Necromancer)             Turns: 7120, Time: 00:22:08

Health: -2/69      AC:  3    Str: 16    XL:     8   Next: 35%
Magic:  21/21      EV: 13    Int: 12    God:    Sif Muna [****..]
Gold:   91         SH:  0    Dex:  9    Spells: 5/13 levels left

rFire   . . .      SeeInvis .      - Unarmed
rCold   + . .      Faith    .    (no shield)
rNeg    + + +      Spirit   .    a - +0 robe
rPois   ∞          Reflect  .    n - +0 helmet
rElec   .          Rampage  .    f - scarf {shadows}
rCorr   .                        (no gloves)
Will    .....                    (no boots)
Stlth   ++                       m - amulet "Zyphaari" {RegenMP Str+4}
HPRegen 0.00/turn                j - ring of wizardry
MPRegen 0.57/turn                e - ring of magical power

@: inhibited regen
A: claws 1, cold resistance 1, negative energy resistance 3, inhibited
regeneration, torment resistance 2, devour on kill
a: Renounce Religion, Channel Magic, Forget Spell, Divine Exegesis


You were on level 6 of the Dungeon.
You worshipped Sif Muna.
Sif Muna was greatly pleased with you.
You visited 1 branch of the dungeon, and saw 6 of its levels.

You collected 163 gold pieces.
You spent 72 gold pieces at shops.

Inventory:

Hand Weapons
 y - a +0 shortbow of draining
Armour
 a - a +0 robe (worn)
 f - a scarf of shadows (worn)
 n - a +0 helmet (worn)
 t - a +0 pair of gloves
Magical Staves
 v - a staff of cold
Jewellery
 d - a ring of fire
 e - a ring of magical power (right claw)
 i - a ring of protection from cold
 j - a ring of wizardry (left claw)
 m - the amulet "Zyphaari" (around neck) {RegenMP Str+4}
   (You found it on level 2 of the Dungeon)

   [amulet of magic regeneration]

   It increases your rate of magic regeneration.
   Str:       It affects your strength (+4).
Wands
 x - a wand of flame (20)
Scrolls
 c - a scroll of teleportation
 k - a scroll of vulnerability
 l - 2 scrolls of enchant weapon
 p - a scroll of blinking {unknown}
 r - 2 scrolls of identify
Potions
 b - a potion of magic
 g - a potion of haste
 h - 3 potions of brilliance
 o - 2 potions of flight
 u - a potion of might
 w - a potion of mutation {unknown}
 z - a potion of attraction {unknown}
 A - a potion of cancellation {unknown}


   Skills:
 + Level 5.4 Fighting
 + Level 5.0 Dodging
 - Level 2.1 Stealth
 - Level 3.7 Unarmed Combat
 + Level 3.3 Spellcasting
 + Level 5.3 Necromancy


You had 5 spell levels left.
You knew the following spells:

 Your Spells              Type           Power      Damage    Failure   Level
a - Necrotise             Necr           56%        1d6       1%          1
b - Vampiric Draining     Necr           14%        2d7       3%          3
c - Animate Dead          Necr           14%        N/A       11%         4

Your spell library contained the following spells:

 Spells                   Type           Power      Damage    Failure   Level
 Apportation              Tloc           4%         N/A       10%         1
 Shock                    Conj/Air       8%         1d3       10%         1
 Summon Small Mammal      Summ           8%         N/A       10%         1
 Static Discharge         Conj/Air       4%         2-3/arc   14%         2
 Call Canine Familiar     Summ           2%         N/A       26%         3
 Summon Guardian Golem    Hex/Summ       2%         N/A       26%         3
 Swiftness                Air            2%         N/A       26%         3
 Agony                    Necr           14%        N/A       28%         5
 Airstrike                Air            1%         2d(1-17)  65%         4
 Summon Lightning Spire   Summ/Air       2%         N/A       65%         4
 Alistair's Intoxication  Tmut/Pois      1%         N/A       92%         5


Dungeon Overview and Level Annotations

Branches:
Dungeon (6/15) Zot: 26373
 Temple: D:4-7

Altars:
Ashenzari
Sif Muna
Vehumet

Shops:
D:3 ?   D:4 :

Annotations:
D:3 1 runed translucent door, bmj180's ghost, weakling MfIE
D:5 3 runed translucent doors, minbekrie's ghost, novice TrMo


Innate Abilities, Weirdness & Mutations

You are immune to poison.
You have sharp fingernails.
Your flesh is cold resistant. (rC+)
You are immune to negative energy. (rN+++)
You do not regenerate when monsters are visible.
You are immune to unholy pain and torment.
You thrive by killing the living.


Message History

The wight is lightly damaged.
The wight hits you with a +2 dagger of draining.
You scratch the wight.
The wight is moderately damaged.
The wight hits you with a +2 dagger of draining.
You barely miss the wight.
The wight is moderately damaged.
You closely miss the wight.
The wight is moderately damaged.
The wight completely misses you.
You closely miss the wight.
The wight is moderately damaged.
The wight hits you with a +2 dagger of draining.
You scratch the wight.
The wight is heavily damaged.
The wight misses you.
The wight hits you with a +2 dagger of draining!
The wight attacks as you move away! The wight barely misses you.
The wight hits you from afar with a +4 spear!
* * * LOW HITPOINT WARNING * * *
The wight attacks as you move away! The wight misses you.
The wight hits you from afar with a +4 spear!
* * * LOW HITPOINT WARNING * * *
You feel better.
The wight hits you from afar with a +4 spear.
* * * LOW HITPOINT WARNING * * *
The wight barely misses you.
You feel better. The wight closely misses you.
The wight hits you with a +2 dagger of draining!
* * * LOW HITPOINT WARNING * * *
Okay, then.
As you read the scroll of fog, it crumbles to dust.
The scroll dissolves into smoke.
The wight hits you with a +2 mace.
* * * LOW HITPOINT WARNING * * *
The wight closely misses you.
The wight hits you with a +2 dagger of draining.
* * * LOW HITPOINT WARNING * * *
The wight attacks as you move away! The wight completely misses you.
The wight attacks as you move away! The wight hits you with a +2 mace.
You die...

.....# ####...#
...# #...# ##
###...# # +.....#
#.####.## +....#.#
#...§#'##+####
#....§§§.....# ###
#....§@§.....#
...##...§§zz§....#
..z......z.§.....#
.......###'##†####
#....###†##.#
#...##..##.#
#...>......#
#.......####
##......#


You could see 3 wights.

Vanquished Creatures
  A phantom (D:5)
  A centaur (D:6)
  An elf zombie (D:5)
  A bullfrog (D:6)
  2 scorpions
  An elf skeleton (D:5)
  A jelly (D:4)
  2 hounds
  2 orc priests
  A sleepcap (D:5)
  A human skeleton (D:5)
  6 iguanas
  2 orc wizards
  Robin (D:2)
  7 gnolls
  5 adders
  A worm (D:2)
  A dart slug (D:3)
  19 orcs
  9 endoplasms
  6 giant cockroaches
  11 goblins
  10 hobgoblins
  14 jackals
  6 kobolds
  4 quokkas
  12 ball pythons
  4 bats
  2 frilled lizards
  An orc skeleton (D:5)
  2 orc zombies (D:5)
  8 rats
145 creatures vanquished.

Vanquished Creatures (collateral kills)
  A frilled lizard (D:1)
1 creature vanquished.

Grand Total: 146 creatures vanquished

Notes
Turn   | Place    | Note
-------+----------+-------------------------------------------
     0 | D:1      | Arcadio the Ghoul Necromancer began the quest for the Orb.
     0 | D:1      | Reached XP level 1. HP: 14/14 MP: 2/2
   372 | D:1      | Reached XP level 2. HP: 15/22 MP: 3/3
   380 | D:1      | Reached skill level 1 in Fighting
   386 | D:1      | Reached skill level 1 in Unarmed Combat
   617 | D:1      | Reached XP level 3. HP: 28/28 MP: 1/4
   784 | D:1      | Found a faded altar of an unknown god.
   791 | D:1      | Prayed at the altar of an unknown god.
   791 | D:1      | Became a worshipper of Sif Muna the Loreminder
   791 | D:1      | Reached * piety under Sif Muna
   886 | D:1      | Learned a level 3 spell: Vampiric Draining
  1284 | D:2      | Reached ** piety under Sif Muna
  1303 | D:2      | Reached XP level 4. HP: 27/36 MP: 5/5
  1362 | D:2      | Identified the amulet "Zyphaari" {RegenMP Str+4}
  1401 | D:2      | Noticed Robin
  1460 | D:2      | Killed Robin
  1574 | D:2      | Found a radiant altar of Vehumet.
  2257 | D:3      | Found Cijomeb's Magic Scroll Shop.
  2266 | D:3      | Bought a scroll of identify for 24 gold pieces
  2266 | D:3      | Bought a scroll of identify for 24 gold pieces
  2266 | D:3      | Bought a scroll of identify for 24 gold pieces
  2359 | D:3      | Reached XP level 5. HP: 41/42 MP: 6/6
  2694 | D:3      | Found a runed translucent door.
  2698 | D:3      | Noticed bmj180's ghost (weakling MfIE)
  3676 | D:4      | Found a broken altar of Ashenzari.
  3711 | D:4      | Reached XP level 6. HP: 23/51 MP: 7/7
  3713 | D:4      | Reached *** piety under Sif Muna
  4002 | D:4      | Learned a level 4 spell: Animate Dead
  4301 | D:4      | Found Edghefesa's Book Boutique.
  4779 | D:5      | Entered Level 5 of the Dungeon
  4951 | D:5      | Reached XP level 7. HP: 53/59 MP: 9/9
  6052 | D:5      | Found a runed translucent gate.
  6052 | D:5      | Found a runed translucent gate.
  6052 | D:5      | Found a runed translucent gate.
  6116 | D:5      | Reached **** piety under Sif Muna
  6172 | D:5      | Reached skill level 5 in Fighting
  6362 | D:5      | Reached XP level 8. HP: 68/68 MP: 11/11
  6411 | D:5      | Noticed minbekrie's ghost (novice TrMo)
  6567 | D:5      | Reached skill level 5 in Necromancy
  7106 | D:6      | Reached skill level 5 in Dodging
  7116 | D:6      | HP: 3/69 [wight/+4 spear (9)]
  7120 | D:6      | Slain by a wight

Illustrated notes

Levels and vault maps discovered:
D:1:      matt_arrival_los_fun, layout_loops_cross,
          ebering_ecumenical_altar_rust, skrybe_limestone_x
D:2:      layout_loops_ring, basic_altar, uniq_robin
D:3:      layout_loops_corners, ebering_ghost_sewer_d, serial_shops,
          nicolae_shop_waterfront
D:4:      layout_basic, old_standard_altar, serial_shops, kennysheep_mini_moat,
          kennysheep_small_spiral
D:5:      layout_loops_ring, gammafunk_ghost_icy,
          nicolae_ossuary_entry_catacombs
D:6:      layout_basic, minmay_temple_entry_enclosed_plants, uniq_duvessa

Skill      XL: |  1  2  3  4  5  6  7  8 |
---------------+-------------------------+-----
Dodging        | 2 3 4 5 |  5.0
Fighting       | 1 2 3 4 5 |  5.4
Unarmed Combat | 1 2 3 |  3.7
Spellcasting   | 2 3 |  3.3
Necromancy     | 5 |  5.3
Stealth        | |  2.1

Action                     |  1- 3 |  4- 6 |  7- 9 || total
---------------------------+-------+-------+-------++-------
  Melee: Unarmed           |   109 |   293 |   146 ||   548
         Punch             |     3 |     4 |     6 ||    13
   Cast: Necrotise         |    27 |    36 |    20 ||    83
         Vampiric Draining |       |    19 |    11 ||    30
  Evoke: Wand              |       |       |     3 ||     3
    Use: Scroll            |       |    12 |     1 ||    13
         Potion            |       |       |     3 ||     3
   Stab: Sleeping          |     2 |     6 |     4 ||    12
 Armour: Robe              |    21 |    43 |    19 ||    83
  Dodge: Dodged            |    68 |   164 |   100 ||   332

Table legend: (Time is in decaauts)
 A = Elapsed time spent in this place.
 B = Non-inter-level travel time spent in this place.
 C = Inter-level travel time spent in this place.
 D = Time resting spent in this place.
 E = Time spent auto-exploring this place.
 F = Levels seen in this place.
 G = Mean time per level.
                   A        B        C        D        E       F      G
               +--------+--------+--------+--------+--------+-----+--------+
         Total |   7093 |   6946 |    147 |   1241 |   4208 |   6 | 1182.2 |
       Dungeon |   7093 |   6946 |    147 |   1241 |   4208 |   6 | 1182.2 |
               +--------+--------+--------+--------+--------+-----+--------+

Top non-repeatable levels by time:
     D:5: 2099 daAuts
     D:4: 1351 daAuts
     D:3: 1341 daAuts
     D:1: 1040 daAuts
     D:2: 1030 daAuts
     D:6: 230 daAuts
